 Dungeon Crawl Stone Soup version 0.28-a0-919-g0b5b508569 (webtiles) character file.

Game seed: 11973116477032579468

50 timneilson the Shield-Bearer (level 3, 0/23 HPs)
             Began as a Gargoyle Fighter on Nov 25, 2021.
             Slain by a hobgoblin (2 damage)
             ... led by Robin
             ... on level 2 of the Dungeon.
             The game lasted 00:01:54 (1037 turns).

timneilson the Shield-Bearer (Gargoyle Fighter)     Turns: 1037, Time: 00:01:55

Health: 0/23       AC: 10    Str: 20    XL:     3   Next: 79%
Magic:  3/3        EV:  9    Int:  8    God:
Gold:   62         SH:  5    Dex:  9    Spells: 2/2 levels left

rFire   . . .      SeeInvis .   a - +0 long sword
rCold   . . .      Faith    .   c - +1 buckler
rNeg    + . .      Spirit   .   b - +0 scale mail
rPois   ∞          Reflect  .   (no helmet)
rElec   +          Harm     .   (no cloak)
rCorr   .          Rampage  .   (no gloves)
Will    .....                   (no boots)
Stlth   ..........              (no amulet)
HPRegen 0.07/turn               (no ring)
MPRegen 0.08/turn               (no ring)

@: attractive
A: sickness immunity, AC +3, negative energy resistance 1, electricity
resistance, torment resistance 1, petrification resistance
a: no special abilities


You were on level 2 of the Dungeon.
You visited 1 branch of the dungeon, and saw 2 of its levels.

You collected 62 gold pieces.

Inventory:

Hand Weapons
 a - a +0 long sword (weapon)
Armour
 b - a +0 scale mail (worn)
 c - a +1 buckler (worn)
Jewellery
 h - an amulet of faith
Scrolls
 e - 2 scrolls of identify
 f - a scroll of enchant armour
 j - a scroll of magic mapping {unknown}
Potions
 d - a potion of might
 g - a potion of magic


   Skills:
 + Level 3.5 Fighting
 * Level 2.3 Long Blades
 * Level 3.8 Armour
 + Level 0.5 Dodging
 * Level 3.8 Shields


You had 2 spell levels left.
You didn't know any spells.
Your spell library contained the following spells:

 Spells                   Type           Power      Damage    Failure   Level
 Static Discharge         Conj/Air       0%         N/A       88%         2
 Dispel Undead            Necr           0%         3d6       100%        4
 Sticky Flame             Conj/Fire      0%         2d3       100%        4


Dungeon Overview and Level Annotations

Branches:
Dungeon (2/15)

Altars:


Innate Abilities, Weirdness & Mutations

You are immune to sickness and miasma.
Your stone body is resilient. (AC +3)
You are immune to poison.
You resist negative energy. (rN+)
You are resistant to electric shocks. (rElec)
You are resistant to unholy torment.
You are immune to petrification.


Message History

Robin closely misses you.
Robin says, "Bow before me, strongest of all the hobgoblins!"
Robin hits you but does no damage.
You slash the hobgoblin!
You kill the hobgoblin!
Robin throws the goblin at you! Robin is attracted toward you.
You slash Robin!
Robin is heavily wounded.
You block the goblin's attack. Robin hits you but does no damage.
The goblin hits you but does no damage.
You barely miss Robin.
Robin is heavily wounded.
Robin hits you but does no damage. The goblin hits you but does no damage.
You block Robin's attack.
You closely miss Robin.
Robin is heavily wounded.
The goblin misses you. Robin hits you but does no damage.
You hit Robin.
Robin is almost dead.
The goblin hits you with a +0 club.
* * * LOW HITPOINT WARNING * * *
Robin hits you but does no damage.
You barely miss Robin.
Robin is almost dead.
The goblin hits you but does no damage. You block Robin's attack.
The goblin closely misses you.
You slash Robin!
You kill Robin!
The goblin hits you but does no damage.
You hit the goblin.
You kill the goblin!
The hobgoblin barely misses you.
You hit the hobgoblin.
The hobgoblin is heavily wounded.
The hobgoblin hits you but does no damage.
The hobgoblin barely misses you.
You barely miss the hobgoblin.
The hobgoblin is heavily wounded.
The hobgoblin hits you.
You die...

.###.....# #####.# ###..#. .#
#...#.## #.#########...... .#
#...#>.# #................ .#
######.########.......##.#####
.# #..........####...#.#
.###########.<##...# ###.#.#
..................## #...#
.########..#####)## ###.#.# .#
#......## #@######...#.#
.###.###### #g#......###..
.......# #...###### #.#
.......# ###.### .. .......#
#...# ... .).....# #.#.# ...
....<..# ...#.# .......# #...
... .......# #.#......


You could see a hobgoblin (strong).

Vanquished Creatures
  Robin (D:2)
  A dart slug (D:1)
  4 ball pythons
  An endoplasm (D:1)
  A giant cockroach (D:1)
  10 goblins
  3 hobgoblins
  4 jackals (D:1)
  3 bats (D:1)
  3 frilled lizards
  2 kobolds (D:2)
  A rat (D:1)
34 creatures vanquished.

Notes
Turn   | Place    | Note
-------+----------+-------------------------------------------
     0 | D:1      | timneilson the Gargoyle Fighter began the quest for the
                  | Orb.
     0 | D:1      | Reached XP level 1. HP: 14/14 MP: 1/1
   252 | D:1      | Reached XP level 2. HP: 16/19 MP: 2/2
   311 | D:1      | Found a faded altar of an unknown god.
   844 | D:2      | Reached XP level 3. HP: 23/23 MP: 3/3
  1004 | D:2      | Noticed Robin
  1032 | D:2      | HP: 1/23 [goblin[Robin] (2)]
  1034 | D:2      | Killed Robin
  1037 | D:2      | Slain by a hobgoblin

Illustrated notes

Levels and vault maps discovered:
D:1:      elethiomel_arrival_maze, layout_rooms,
          hellmonk_ecumenical_altar_blasted
D:2:      layout_rooms, kennysheep_nondescript, uniq_robin

Skill      XL: |  1  2 |
---------------+-------+-----
Long Blades    | 2 |  2.3
Fighting       | |  3.5
Armour         | |  3.8
Dodging        | |  0.5
Shields        | |  3.8

Action                   || total
-------------------------++-------
Melee: Long sword        ||    90
  Use: Scroll            ||     3
       Potion            ||     1
Armor: Scale mail        ||    80
Dodge: Dodged            ||    66
Block: Buckler           ||    35

Table legend: (Time is in decaauts)
 A = Elapsed time spent in this place.
 B = Non-inter-level travel time spent in this place.
 C = Inter-level travel time spent in this place.
 D = Time resting spent in this place.
 E = Time spent auto-exploring this place.
 F = Levels seen in this place.
 G = Mean time per level.
                   A        B        C        D        E       F      G
               +--------+--------+--------+--------+--------+-----+--------+
         Total |   1064 |   1037 |     27 |      0 |    825 |   2 |  532.0 |
       Dungeon |   1064 |   1037 |     27 |      0 |    825 |   2 |  532.0 |
               +--------+--------+--------+--------+--------+-----+--------+

Top non-repeatable levels by time:
     D:1: 821 daAuts
     D:2: 242 daAuts
